 Dungeon Crawl Stone Soup version 0.31-a0-986-g5e6e4ef867 (webtiles) character file.

Game seed: 7301775266724300284

52 Naiya55 the Shield-Bearer (level 4, -2/37 HPs)
             Began as a Formicid Fighter on Nov 4, 2023.
             Slain by an orc priest
             ... wielding a +0 trident
              (4 damage)
             ... on level 3 of the Dungeon.
             The game lasted 00:01:39 (1575 turns).

Naiya55 the Shield-Bearer (Formicid Fighter)        Turns: 1575, Time: 00:01:39

Health: -2/37      AC:  6    Str: 22    XL:     4   Next: 8%
Magic:  4/4        EV:  9    Int:  8    God:
Gold:   132        SH:  5    Dex: 13    Spells: 3/3 levels left

rFire   . . .        a - +0 war axe
rCold   . . .        c - +0 buckler
rNeg    . . .        b - +0 scale mail
rPois   .            (helmet unavailable)
rElec   .            (no cloak)
rCorr   .            (no gloves)
SInv    +            (no boots)
Will    .....        (no amulet) Stlth
                     (no ring)
HPRegen 0.26/turn    (no ring)
MPRegen 0.09/turn

%: no passive effects
@: mighty
A: permanent stasis, dig shafts and tunnels, antennae 3, four strong arms
a: Dig, Shaft Self


You were on level 3 of the Dungeon.
You visited 1 branch of the dungeon, and saw 3 of its levels.

You collected 132 gold pieces.

Inventory:

Hand Weapons
 a - a +0 war axe (weapon)
Armour
 b - a +0 scale mail (worn)
 c - a +0 buckler (worn)
Scrolls
 e - a scroll of immolation {unknown}
 g - 3 scrolls of identify {unknown}
 h - a scroll of enchant armour {unknown}
 i - a scroll of fear {unknown}
 j - a scroll of poison {unknown}
Potions
 f - a potion of enlightenment {unknown}
 k - a potion of degeneration {unknown}


   Skills:
 + Level 4.0 Fighting
 * Level 3.4 Axes
 - Level 3.2 Armour
 - Level 4.0 Shields


You had 3 spell levels left.
You didn't know any spells.
Your spell library contained the following spells:

 Spells                   Type           Power      Damage    Failure   Level
 Ozocubu's Armour         Ice            0%         N/A       99%         3
 Ozocubu's Refrigeration  Ice            0%         4d7       100%        7


Dungeon Overview and Level Annotations

Branches:
Dungeon (3/15)

Altars:
Elyvilon


Innate Abilities, Weirdness & Mutations

You cannot be hasted, slowed, berserked, paralysed or teleported.
You can dig through walls and to a lower floor.
You have a pair of large antennae on your head. (SInv)
Your four strong arms can wield two-handed weapons with a shield.


Message History

The orc closely misses you. The rat closely misses you.
The orc hits you with a +0 hand axe. You block the orc's attack.
You hit the orc.
You kill the orc!
You hit the orc but do no damage. You slash the rat!
You kill the rat!
You block the orc's attack.
The orc priest hits you but does no damage.
Your Fighting skill increases to level 4!
You have reached level 4!
You feel clever.
You hit the orc.
The orc is heavily wounded.
You block the orc's attack. The orc priest closely misses you.
The orc barely misses you.
The orc priest hits you from afar with a +0 trident.
You barely miss the orc.
The orc is heavily wounded.
The orc hits you with a +0 hand axe.
The orc priest hits you from afar with a +0 trident.
You slash the orc!
You kill the orc!
The orc priest hits you but does no damage.
The orc priest hits you with a +0 trident.
* * * LOW HITPOINT WARNING * * *
Things that are here:
a +0 hand axe; an orc corpse You barely miss the orc priest.
The orc priest hits you but does no damage.
The orc priest calls down the wrath of Beogh upon you.
Beogh smites you!
* * * LOW HITPOINT WARNING * * *
You closely miss the orc priest.
The orc priest hits you but does no damage.
You barely miss the orc priest. You block the orc priest's attack.
You feel very mighty all of a sudden.
The orc priest looks encouraged for a moment.
You completely miss the orc priest.
The orc priest hits you with a +0 trident.
You die...

#.## #..#.##.###.
####.# ##.#.##.⌠ ##
..#.# #...####.# #
#.#.# ##...#.#.#. #
#.#.###...#.8.# # ♣.
#...##..#..# #.#.#.#
###..##.###.####.#.##
#
#..o.#.......##.8.###
..
##.##@..)...##.##.###.
...
#..##.#.###.###†.#....
.... ###.###)..# #.#
##...###
#....###........## #.#
##..###
...#.....#...#### #.#
##.... ......{{...###
#.#### ###.#
......o....# #....#
#.# ...........#
####.# #.#
...........# #.### #..


You could see an orc priest.

Vanquished Creatures
  A worm (D:2)
  A dart slug (D:1)
  3 orcs (D:3)
  3 ball pythons
  2 endoplasms
  A giant cockroach (D:3)
  3 goblins
  3 hobgoblins
  5 jackals (D:1)
  5 kobolds
  2 quokkas (D:2)
  6 bats
  3 frilled lizards
  3 rats
41 creatures vanquished.

Notes
Turn   | Place    | Note
-------+----------+-------------------------------------------
     0 | D:1      | Naiya55 the Formicid Fighter began the quest for the Orb.
     0 | D:1      | Reached XP level 1. HP: 18/18 MP: 1/1
   248 | D:1      | Reached XP level 2. HP: 24/24 MP: 2/2
   505 | D:1      | Reached XP level 3. HP: 30/30 MP: 3/3
   805 | D:2      | Found a white marble altar of Elyvilon.
  1567 | D:3      | Reached XP level 4. HP: 22/37 MP: 4/4
  1571 | D:3      | HP: 1/37 [orc priest/divine providence (11)]
  1575 | D:3      | Slain by an orc priest

Illustrated notes

Levels and vault maps discovered:
D:1:      minmay_arrival_three_doors, layout_basic
D:2:      layout_basic, basic_altar
D:3:      layout_rooms, grunt_decor_mini_mirrors, uniq_sigmund

Skill      XL: |  1  2  3 |
---------------+----------+-----
Axes           | 3 |  3.4
Fighting       | 4 |  4.0
Armour         | |  3.2
Shields        | |  4.0

Action                     |  1- 3 |  4- 6 || total
---------------------------+-------+-------++-------
  Melee: War axe           |   106 |     7 ||   113
    Use: Potion            |       |     1 ||     1
 Armour: Scale mail        |    76 |     8 ||    84
  Dodge: Dodged            |    62 |     2 ||    64
  Block: Buckler           |    30 |     2 ||    32

Table legend: (Time is in decaauts)
 A = Elapsed time spent in this place.
 B = Non-inter-level travel time spent in this place.
 C = Inter-level travel time spent in this place.
 D = Time resting spent in this place.
 E = Time spent auto-exploring this place.
 F = Levels seen in this place.
 G = Mean time per level.
                   A        B        C        D        E       F      G
               +--------+--------+--------+--------+--------+-----+--------+
         Total |   1617 |   1559 |     58 |      0 |   1239 |   3 |  539.0 |
       Dungeon |   1617 |   1559 |     58 |      0 |   1239 |   3 |  539.0 |
               +--------+--------+--------+--------+--------+-----+--------+

Top non-repeatable levels by time:
     D:1: 822 daAuts
     D:2: 617 daAuts
     D:3: 177 daAuts
